 Dungeon Crawl Stone Soup version 0.22-a0-512-g0943f25 (webtiles) character file.

159 Gildenfire the Covered (level 5, -13/32 HPs)
             Began as a Tengu Fighter on June 18, 2018.
             Killed by divine providence
             ... invoked by an orc priest
              (17 damage)
             ... on level 4 of the Dungeon.
             The game lasted 00:14:30 (2634 turns).

Gildenfire the Covered (Tengu Fighter)              Turns: 2634, Time: 00:14:30

Health: -13/32     AC: 13    Str: 17    XL:     5   Next: 40%
Magic:  6/6        EV:  7    Int: 16    God:
Gold:   205        SH: 10    Dex: 15    Spells: 4/4 levels left

rFire    . . .     SeeInvis .   a - +1 war axe
rCold    . . .     Gourm    .   c - +1 shield
rNeg     . . .     Faith    .   b - +0 scale mail
rPois    .         Spirit   .   (helmet restricted)
rElec    .         Reflect  .   s - +1 cloak
rCorr    +         Harm     .   m - +0 pair of gloves
MR       .....                  (boots unavailable)
Stlth    ..........             (no amulet)
HPRegen  0.10/turn              e - ring of resist corrosion
MPRegen  0.10/turn              k - +3 ring of protection

@: brilliant
A: beak, talons 3, agile 1, clever 1, mutation resistance 1, able to fly 1
a: Fly


You were on level 4 of the Dungeon.
You were not hungry.

You visited 1 branch of the dungeon, and saw 4 of its levels.

You collected 205 gold pieces.

Inventory:

Hand Weapons
 a - a +1 war axe (weapon)
 r - a +1 whip of electrocution
Armour
 b - a +0 scale mail (worn)
 c - a +1 shield (worn)
 m - a +0 pair of gloves (worn)
 s - a +1 cloak (worn)
Jewellery
 e - a ring of resist corrosion (left hand)
 k - a +3 ring of protection (right hand)
 q - an uncursed ring of fire
Scrolls
 g - 3 scrolls of remove curse
 j - 5 scrolls of blinking
 p - 3 scrolls of magic mapping
Potions
 d - a potion of might
 i - a potion of lignification {unknown}
 l - a potion of flight {unknown}
 n - a potion of ambrosia {unknown}
 o - a potion of brilliance
 u - a potion of curing {unknown}
Comestibles
 f - 8 rations
 h - a chunk of flesh


   Skills:
 * Level 3.5 Fighting
 * Level 4.0 Axes
 * Level 4.4 Armour
 * Level 3.7 Shields


You had 4 spell levels left.
You didn't know any spells.
Your spell library was empty.

Dungeon Overview and Level Annotations

Branches:
Dungeon (4/15)
 Temple: D:4-7

Altars:
Fedhas
Gozag
Nemelex Xobeh
Wu Jian
Zin


Innate Abilities, Weirdness & Mutations

You have a beak for a mouth.
You have claws for feet.
You can fly.
You are agile. (Dex +2)
Your mind is acute. (Int +2)
You are somewhat resistant to further mutation.


Message History

The jackal bites you but does no damage.
You block the jackal's attack.
You miss the jackal. Your kick misses the jackal.
The jackal bites you but does no damage.
You block the jackal's attack.
You barely miss the jackal.
The jackal bites you but does no damage.
You block the jackal's attack.
The orc priest invokes the aid of Beogh against you.
Beogh smites you!
* * * LOW HITPOINT WARNING * * *
It was a potion of brilliance.
You feel clever all of a sudden.
The orc priest looks encouraged for a moment.
The jackal bites you but does no damage.
You block the jackal's attack.
The orc priest calls down the wrath of Beogh upon you.
Beogh smites you!
Ouch! That really hurt!
You die...

. .##. .# ... .#
#.#### .#
####....##.###.
...............
####...#.#.####.#.
.........h........
##....<@h.†.#...
..........#o##
.#.......##.#
#......## .o
#.....## ...
#..... ⌠...
....... ..###
###.... ..#


You could see an orc priest and 2 jackals.

Vanquished Creatures
  A jelly (D:2)
  5 adders
  2 oozes (D:3)
  A dart slug (D:1)
  3 leopard geckos
  An orc (D:3)
  5 giant cockroaches
  8 goblins
  12 hobgoblins
  6 jackals
  3 ball pythons
  7 bats
  6 frilled lizards
  5 kobolds
  5 rats
70 creatures vanquished.

Notes
Turn   | Place    | Note
-------+----------+-------------------------------------------
     0 | D:1      | Gildenfire the Tengu Fighter began the quest for the Orb.
     0 | D:1      | Reached XP level 1. HP: 14/14 MP: 2/2
    97 | D:1      | Reached XP level 2. HP: 14/19 MP: 3/3
   761 | D:1      | Reached XP level 3. HP: 23/23 MP: 4/4
  1006 | D:2      | Gained mutation: Your mind is acute. (Int +2) [potion of mutation]
  1006 | D:2      | Gained mutation: You are somewhat resistant to further mutation. [potion of mutation]
  1006 | D:2      | Gained mutation: You are agile. (Dex +2) [potion of mutation]
  1176 | D:2      | Reached XP level 4. HP: 27/28 MP: 5/5
  1537 | D:2      | Found an ornate altar of the Wu Jian Council.
  1542 | D:2      | Found a blossoming altar of Fedhas.
  1742 | D:3      | Gained mutation: You can fly. [Tengu growth]
  1742 | D:3      | Reached XP level 5. HP: 32/32 MP: 6/6
  2017 | D:3      | Found a glowing silver altar of Zin.
  2396 | D:3      | Found a sparkling altar of Nemelex Xobeh.
  2396 | D:3      | Found an opulent altar of Gozag.
  2634 | D:4      | Killed from afar by an orc priest

Vault maps used:
D:1:      minmay_arrival_four_houses, serial_bayou_pond_e
D:2:      minitemple
D:3:      grunt_temple_overflow_opulence, nicolae_overflow_hidden_temple,
          first_ration, columned_hall_lemuel
D:4:      minmay_temple_entry_statues_fountains, grunt_ministairs_15

Skill      XL: |  1  2  3  4  5 |
---------------+----------------+-----
Armour         | 4 |  4.4
Axes           | 3 4 |  4.0
Fighting       | |  3.5
Shields        | |  3.7

Action                   |  1- 3 |  4- 6 || total
-------------------------+-------+-------++-------
Melee: War axe           |    66 |    78 ||   144
       Peck              |    12 |    10 ||    22
       Kick              |    11 |    13 ||    24
  Use: Scroll            |     4 |     5 ||     9
       Potion            |     1 |     1 ||     2
  Eat: Chunk             |     1 |     5 ||     6
Armor: Scale mail        |    24 |    31 ||    55
Dodge: Dodged            |    21 |    25 ||    46
Block: Shield            |    25 |    47 ||    72

Table legend:
 A = Spawn XP
 B = Non-spawn XP
 C = Spawn XP percentage of total XP
 D = Spawn monster count
 E = Non-spawn monster count
 F = Spawn count percentage of total count
 G = Total turns spent on level
                    A         B        C        D         E        F      G
               +---------+---------+-------+---------+---------+-------+---------
         Total |       0 |     228 |   0.0 |       0 |      70 |   0.0 |  2634
               +---------+---------+-------+---------+---------+-------+---------
           D:1 |       0 |      37 |   0.0 |       0 |      20 |   0.0 |   895
           D:2 |       0 |     124 |   0.0 |       0 |      24 |   0.0 |   839
           D:3 |       0 |      63 |   0.0 |       0 |      24 |   0.0 |   884
           D:4 |       0 |       4 |   0.0 |       0 |       2 |   0.0 |    16
               +---------+---------+-------+---------+---------+-------+---------
